 Seeded DCSS version 0.30-a0-424-g7412bad402 (webtiles) character file.

Game seed: 2672040522805985899 (custom seed)

2 innerfire433 the Trooper (level 1, -1/18 HPs)
             Began as a Demonspawn Monk on Dec 10, 2022.
             Slain by a jackal (3 damage)
             ... on level 1 of the Dungeon.
             The game lasted 00:00:08 (72 turns).

innerfire433 the Trooper (Demonspawn Monk)            Turns: 72, Time: 00:00:08

Health: -1/18      AC:  2    Str: 11    XL:     1   Next: 25%
Magic:  1/1        EV: 13    Int: 11    God:
Gold:   0          SH:  0    Dex: 15    Spells: 0/0 levels left

rFire   . . .      SeeInvis .    a - +0 short sword
rCold   . . .      Faith    .    (no shield)
rNeg    . . .      Spirit   .    b - +0 robe
rPois   .          Reflect  .    (no helmet)
rElec   .          Harm     .    (no cloak)
rCorr   .          Rampage  .    (no gloves)
Will    .....                    (no boots)
Stlth   ++........               (no amulet)
HPRegen 0.23/turn                (no ring)
MPRegen 0.07/turn                (no ring)

@: no status effects
A: no striking features
a: no special abilities


You were on level 1 of the Dungeon.
You visited 1 branch of the dungeon, and saw 1 of its levels.

Inventory:

Hand Weapons
 a - a +0 short sword (weapon)
Armour
 b - a +0 robe (worn)
Potions
 c - a potion of ambrosia


   Skills:
 + Level 3.0 Fighting
 + Level 2.7 Short Blades
 + Level 2.7 Dodging
 + Level 1.8 Stealth


You couldn't memorise any spells.
You didn't know any spells.
Your spell library was empty.

Dungeon Overview and Level Annotations

Branches:
Dungeon (1/15)

Altars:


Message History

A jackal comes into view.
The jackal misses you. The goblin hits you with a +0 club.
You are too injured to fight recklessly!
You are too injured to fight recklessly!
You are too injured to fight recklessly!
You are too injured to fight recklessly!
You are too injured to fight recklessly!
You hit the jackal but do no damage. You punch the jackal, but do no damage.
The jackal is almost dead.
The jackal bites you. The goblin closely misses you.
The jackal barely misses you.
You completely miss the jackal.
The jackal is almost dead.
The jackal closely misses you. The goblin hits you with a +0 club.
* * * LOW HITPOINT WARNING * * *
You miss the jackal.
The jackal is almost dead.
The jackal barely misses you. The goblin closely misses you.
You hit the jackal.
You kill the jackal!
You closely miss the jackal. The goblin hits you but does no damage.
The jackal barely misses you.
You hit the jackal.
The jackal is lightly wounded.
The goblin hits you but does no damage. The jackal bites you.
* * * LOW HITPOINT WARNING * * *
You closely miss the jackal.
The jackal is lightly wounded.
The jackal barely misses you. The goblin hits you with a +0 club.
* * * LOW HITPOINT WARNING * * *
You hit the jackal but do no damage.
The jackal is lightly wounded.
The jackal closely misses you. The goblin misses you.
You closely miss the jackal.
The jackal is lightly wounded.
The jackal misses you. The goblin barely misses you.
You barely miss the jackal.
The jackal is lightly wounded.
The jackal barely misses you. The jackal bites you.
You die...

#.#.###.#
..#.....# #.
###.<.### #..
#.....# #..
#.###.# ##.. #.
.. ..### ### ###
#...#####. ..#
#gh....... #.###
#.@#####. #...#
#.........
###.####
#....#####
..#....#
#.##.....
#.#############.#
#####
..###...........#
.............####
##############


You could see a jackal and a goblin.

Vanquished Creatures
  A jackal (D:1)
  A rat (D:1)
2 creatures vanquished.

Notes
Turn   | Place    | Note
-------+----------+-------------------------------------------
     0 | D:1      | innerfire433 the Demonspawn Monk began the quest for the
                  | Orb.
     0 | D:1      | Reached XP level 1. HP: 18/18 MP: 1/1
    72 | D:1      | Slain by a jackal

Illustrated notes

Levels and vault maps discovered:
D:1:      psy_arrival_radial02, layout_rooms

Action                   || total
-------------------------++-------
Melee: Short sword       ||    15
       Punch             ||     1
Armor: Robe              ||     3
Dodge: Dodged            ||    14

Table legend: (Time is in decaauts)
 A = Elapsed time spent in this place.
 B = Non-inter-level travel time spent in this place.
 C = Inter-level travel time spent in this place.
 D = Time resting spent in this place.
 E = Time spent auto-exploring this place.
 F = Levels seen in this place.
 G = Mean time per level.
                   A        B        C        D        E       F      G
               +--------+--------+--------+--------+--------+-----+--------+
         Total |     70 |     70 |      0 |      0 |     52 |   1 |   70.0 |
       Dungeon |     70 |     70 |      0 |      0 |     52 |   1 |   70.0 |
               +--------+--------+--------+--------+--------+-----+--------+

Top non-repeatable levels by time:
     D:1: 70 daAuts
